 Dungeon Crawl Stone Soup version 0.28.0-53-g5a82cb258f (webtiles) character file.

Game seed: 14096194710733437466

7050 Zeld the Fighter (level 10, -5/97 HPs)
             Began as a Minotaur Berserker on June 10, 2022.
             Was an Elder of Trog.
             Slain by an orc knight
             ... wielding a +0 broad axe
              (31 damage)
             ... in a bailey.
             The game lasted 00:08:14 (14922 turns).

Zeld the Fighter (Minotaur Berserker)              Turns: 14922, Time: 00:08:15

Health: -5/97      AC:  5    Str: 25    XL:     10   Next: 83%
Magic:  9/9        EV: 14    Int:  4    God:    Trog [****..]
Gold:   521        SH:  0    Dex: 11    Spells: 9/9 levels left

rFire   . . .      SeeInvis .   g - +2 dagger (venom)
rCold   . . .      Faith    .   (no shield)
rNeg    . . .      Spirit   .   z - +0 leather armour of Xom's Condemnation {+Inv rElec Will-}
rPois   .          Reflect  .   (helmet restricted)
rElec   +          Harm     .   e - +0 cloak
rCorr   .          Rampage  .   (no gloves)
Will    .....                   (no boots)
Stlth   +.........              (no amulet)
HPRegen 0.26/turn               (no ring)
MPRegen 0.11/turn               (no ring)

@: on berserk cooldown, slowed, very slow
A: horns 2, retaliatory headbutt
a: Renounce Religion, Evoke Invisibility, Berserk, Trog's Hand, Brothers in Arms


You were in a bailey.
You worshipped Trog.
Trog was greatly pleased with you.
You visited 2 branches of the dungeon, and saw 10 of its levels.
You also visited: Bailey.

You collected 521 gold pieces.

Inventory:

Hand Weapons
 a - a +0 war axe of flaming
 g - a +2 dagger of venom (weapon)
Armour
 b - a +0 plate armour
 e - a +0 cloak (worn)
 z - the +0 leather armour of Xom's Condemnation (worn) {+Inv rElec Will-}
   (You found it on level 8 of the Dungeon)

   rElec:     It insulates you from electricity.
   +Inv:      It lets you turn invisible.
   Will:      It decreases your willpower.
Wands
 o - a wand of mindburst (15)
 y - a wand of flame (37)
 B - a wand of polymorph (7)
Scrolls
 c - 2 scrolls of silence
 f - a scroll of blinking {unknown}
 h - 3 scrolls of fear
 i - 3 scrolls of enchant weapon
 j - 3 scrolls of enchant armour {unknown}
 q - a scroll of vulnerability {unknown}
 s - a scroll of holy word {unknown}
 u - a scroll of torment {unknown}
 v - a scroll of magic mapping {unknown}
 w - a scroll of summoning {unknown}
Potions
 d - 3 potions of curing {unknown}
 k - 2 potions of heal wounds {unknown}
 m - a potion of brilliance {unknown}
 p - a potion of invisibility {unknown}
 r - 3 potions of haste {unknown}
 t - a potion of berserk rage {unknown}
 x - a potion of ambrosia {unknown}
 A - a potion of mutation {unknown}


   Skills:
 * Level 12.1 Fighting
 * Level 12.0 Axes
 + Level 8.5 Armour
 + Level 7.8 Dodging


You had 9 spell levels left.
You didn't know any spells.
Your spell library was empty.

Dungeon Overview and Level Annotations

Branches:
Dungeon (9/15)             Temple (1/1) D:4          Bailey (1/1)
   Lair: D:8-11         Orc: D:9-12

Altars:
Ashenzari
Dithmenos
Elyvilon
Fedhas
Hepliaklqana
Kikubaaqudgha
Makhleb
Nemelex Xobeh
Okawaru
Qazlal
Ru
Sif Muna
Uskayaw
Xom
Yredelemnul


Innate Abilities, Weirdness & Mutations

You have a pair of horns on your head.
You reflexively headbutt those who attack you in melee.


Message History

The kobold throws a boomerang.
The boomerang closely misses you.
The kobold throws a boomerang.
The boomerang hits you but does no damage.
The orc knight hits you with a +0 broad axe!
Unknown command.
You hit the orc knight.
The orc knight looks as sick as possible!
You headbutt the orc knight.
The orc knight is heavily wounded.
Unknown command.
You hit the orc knight but do no damage.
You headbutt the orc knight, but do no damage.
The orc knight is heavily wounded.
The orc knight hits you with a +0 broad axe!
Unknown command.
You hit the orc knight.
The orc knight looks as sick as possible!
You punch the orc knight, but do no damage.
The orc knight is heavily wounded.
The orc knight hits you with a +0 broad axe!!
* * * LOW HITPOINT WARNING * * *
Unknown command.
The kobold throws a boomerang.
The boomerang barely misses you.
You feel a strong urge to attack something.
You feel your anger nearly subside.
You are no longer berserk.
You are exhausted.
You feel yourself slow down.
Items here: )) [[ ÷÷.
Aiming: Mindburst
Press: ? - help, Shift-Dir - straight line, f - orc knight
Aim: an orc knight, wielding a +0 broad axe and wearing a +0 chain mail (severely wounded, extremely poisoned, chance to affect: 47%)
The orc knight resists with some effort.
Unknown command.
Unknown command.
Aiming: Mindburst
Press: ? - help, Shift-Dir - straight line, f/p - orc knight
Aim: an orc knight, wielding a +0 broad axe and wearing a +0 chain mail (severely wounded, extremely poisoned, chance to affect: 47%)
The orc knight resists with some effort.
The orc knight hits you with a +0 broad axe!!
You die...

##### ###...###
##.......## #.........#
#....∩....# #.........#
##(......## ##(....##
##@..### ####o(.##
####.....##
###.).....##
####......∩..##
####.............##
#.........≈≈≈≈≈≈≈≈#
...)((.≈≈≈≈≈≈≈≈≈≈≈≈≈#
....≈≈≈≈≈#########≈≈≈≈#


You could see an orc knight (extremely poisoned).

Vanquished Creatures
  Harold (D:7)
  2 tengu conjurers
  Prince Ribbit (D:6)
  Eustachio (D:5)
  6 yaks
  5 humans (D:6)
  Menkaure (D:6)
  4 water moccasins (D:7)
  3 orc warriors
  A black bear (D:7)
  2 necrophages
  5 ogres
  3 centaurs
  2 kobold brigands
  A phantom (D:5)
  Blork the orc (D:5)
  A bullfrog (D:7)
  4 scorpions
  A gnoll sergeant (D:8)
  2 water moccasin zombies
  A water moccasin skeleton (D:6)
  A jelly (D:6)
  4 killer bees
  8 wights
  A howler monkey (D:7)
  2 bullfrog zombies
  5 orc priests (D:8)
  2 centaur skeletons
  A gnoll shaman (D:4)
  Jessica (D:2)
  Ijyb (D:4)
  6 iguanas
  4 orc wizards
  A hound zombie (D:5)
  A hound skeleton (D:4)
  12 gnolls
  8 adders
  A shadow imp (D:7)
  2 white imps
  An ufetubus (D:6)
  An adder skeleton (D:5)
  A worm (D:5)
  3 dart slugs
  19 orcs
  7 endoplasms
  5 giant cockroaches
  14 goblins
  9 hobgoblins
  4 jackals (D:4)
  21 kobolds
  2 quokkas
  7 ball pythons
  8 bats
  A frilled lizard (D:1)
  10 rats
222 creatures vanquished.

Vanquished Creatures (others)
  A goblin (D:9)
1 creature vanquished.

Grand Total: 223 creatures vanquished

Notes
Turn   | Place    | Note
-------+----------+-------------------------------------------
     0 | D:1      | Zeld the Minotaur Berserker began the quest for the Orb.
     0 | D:1      | Reached XP level 1. HP: 19/19 MP: 0/0
   215 | D:1      | Found a faded altar of an unknown god.
   222 | D:1      | Reached XP level 2. HP: 26/27 MP: 1/1
  1027 | D:2      | Reached XP level 3. HP: 33/33 MP: 2/2
  1172 | D:2      | Reached ** piety under Trog
  1489 | D:2      | Noticed Jessica
  1493 | D:2      | Killed Jessica
  1494 | D:2      | Reached XP level 4. HP: 40/41 MP: 3/3
  1981 | D:3      | Reached skill level 5 in Fighting
  1981 | D:3      | Reached skill level 5 in Axes
  1981 | D:3      | Reached XP level 5. HP: 22/48 MP: 4/4
  2183 | D:3      | Found a broken altar of Ashenzari.
  2625 | D:4      | Noticed a necrophage
  2638 | D:4      | Reached *** piety under Trog
  2644 | D:4      | Killed a necrophage
  2723 | D:4      | Reached XP level 6. HP: 47/57 MP: 5/5
  3265 | D:4      | Noticed Ijyb
  3278 | D:4      | Killed Ijyb
  3467 | D:4      | Found a staircase to the Ecumenical Temple.
  3768 | Temple   | Entered the Ecumenical Temple
  4232 | D:5      | Entered Level 5 of the Dungeon
  4321 | D:5      | Reached XP level 7. HP: 26/64 MP: 6/6
  4615 | D:5      | Noticed Blork the orc
  4627 | D:5      | Killed Blork the orc
  4700 | D:5      | Noticed Eustachio
  5340 | D:5      | Killed Eustachio
  5341 | D:5      | Reached skill level 5 in Armour
  5584 | D:5      | Reached XP level 8. HP: 73/73 MP: 7/7
  6208 | D:5      | Found a basalt altar of Yredelemnul.
  6474 | D:6      | Reached skill level 5 in Dodging
  6709 | D:6      | Reached XP level 9. HP: 37/83 MP: 8/8
  7028 | D:6      | Noticed Menkaure
  7035 | D:6      | Killed Menkaure
  7726 | D:6      | Found a sparkling altar of Nemelex Xobeh.
  7742 | D:6      | Reached **** piety under Trog
  7879 | D:6      | Noticed Prince Ribbit
  7904 | D:6      | Killed Prince Ribbit
  8516 | D:6      | Reached skill level 10 in Fighting
  8524 | D:6      | Reached skill level 10 in Axes
 10194 | D:7      | Found a hide-covered altar of Uskayaw.
 10194 | D:7      | Found a stormy altar of Qazlal.
 10252 | D:7      | Reached XP level 10. HP: 27/85 MP: 9/9
 10370 | D:7      | Noticed Harold
 10387 | D:7      | Killed Harold
 11155 | D:7      | Identified the +1 chain mail of Jiwkex {rC+ Regen+}
 13242 | D:8      | Identified the +0 leather armour of Xom's Condemnation
                  | {+Inv rElec Will-}
 14135 | D:9      | Found a flagged portal.
 14147 | D:9      | HP: 4/97 [steam dragon/ball of steam (24)]
 14150 | Bailey   | Entered a bailey
 14594 | Bailey   | Noticed an orc knight
 14922 | Bailey   | Slain by an orc knight

Illustrated notes

Levels and vault maps discovered:
D:1:      dpeg_arrival_stone_temple_mockup, layout_loops_ring,
          shapermc_ecumenical_altar_starsandcircs, minmay_misc_feat_square
D:2:      layout_loops_ring, minmay_misc_feat_enclosed, uniq_jessica
D:3:      layout_rooms, mainiacjoe_overflow_catwalk
D:4:      layout_loops_corners, temple_fountains, uniq_ijyb
D:5:      layout_gridville, kennysheep_little_box, uniq_blork_the_orc,
          uniq_eustachio
D:6:      layout_loops_corners, mainiacjoe_overflow_cross_hatched,
          minmay_ruffians, uniq_menkaure, uniq_prince_ribbit1
D:7:      layout_cave_pools, gammafunk_temple_overflow_statue, uniq_harold
D:8:      layout_rooms
D:9:      minmay_imperfect_grid, layout_irregular_city, slow_altar_1,
          nzn_wu_jian_council_hall, general_overflow_altar, enter_bailey_3,
          uniq_erolcha
Temple:   compressed_dpeg_circular_temple
Bailey:   bailey_axe_4, bailey

Skill      XL: |  1  2  3  4  5  6  7  8  9 10 |
---------------+-------------------------------+-----
Axes           | 4 5 6 7 8 10 12 | 12.0
Fighting       | 4 5 6 7 9 10 12 | 12.1
Armour         | 3 4 5 6 7 8 |  8.5
Dodging        | 3 4 5 6 7 |  7.8

Action                   |  1- 3 |  4- 6 |  7- 9 | 10-12 || total
-------------------------+-------+-------+-------+-------++-------
Melee: Hand axe          |    67 |       |       |       ||    67
       Headbutt          |    12 |    27 |    83 |    51 ||   173
       Dagger            |       |   137 |   378 |   225 ||   740
       Punch             |       |     2 |     2 |     5 ||     9
Invok: Berserk           |       |     1 |     2 |     3 ||     6
       Trog's Hand       |       |       |       |     2 ||     2
Evoke: Wand              |       |       |       |     2 ||     2
  Use: Scroll            |       |       |       |     4 ||     4
 Stab: Sleeping          |     1 |       |     1 |       ||     2
Armor: Animal skin       |    18 |    19 |    16 |       ||    53
       Plate armour      |       |       |   194 |   172 ||   366
       Leather armour    |       |       |       |    19 ||    19
Dodge: Dodged            |    45 |    76 |   183 |   200 ||   504
